 Dungeon Crawl Stone Soup version 0.23.0 (webtiles) character file.

Game seed: 4931658308203487093

10733 Kairos the Cleaver (level 11, -6/58 HPs)
             Began as a Vine Stalker Fighter on Feb 15, 2019.
             Was an Elder of Okawaru.
             Mangled by a spiny frog (8 damage)
             ... on level 1 of the Lair of Beasts.
             The game lasted 00:15:41 (8559 turns).

Kairos the Cleaver (Vine Stalker Fighter)           Turns: 8559, Time: 00:15:42

Health: -6/58      AC: 12    Str: 22    XL:     11   Next: 66%
Magic:  0/12       EV:  8    Int: 13    God:    Okawaru [****..]
Gold:   610        SH: 11    Dex: 14    Spells: 10/10 levels left

rFire    . . .     SeeInvis +   a - +0 war axe
rCold    . . .     Gourm    .   c - +0 shield
rNeg     . . .     Faith    .   J - +0 chain mail
rPois    .         Spirit   +   N - +1 hat {SInv}
rElec    .         Reflect  .   (no cloak)
rCorr    +         Harm     .   (no gloves)
MR       +....                  i - +0 pair of boots
Stlth    ..........             h - amulet of rage
HPRegen  0.59/turn              s - ring of resist corrosion
MPRegen  0.13/turn              C - +5 ring of intelligence

@: about to teleport
A: fangs 3, regeneration 1, magic shield, antimagic bite, no potion heal 3, rot
immunity
a: Heroism, Renounce Religion, Evoke Berserk Rage


You were on level 1 of the Lair of Beasts.
You worshipped Okawaru.
Okawaru was greatly pleased with you.
You were near starving.

You visited 3 branches of the dungeon, and saw 11 of its levels.
You also visited: Ossuary.

You collected 658 gold pieces.
You spent 48 gold pieces at shops.

Inventory:

Hand Weapons
 a - a +0 war axe (weapon)
 L - a +0 whip of freezing
Missiles
 g - 3 throwing nets
 m - 8 tomahawks
 w - 4 poisoned tomahawks (quivered)
Armour
 b - a +0 scale mail
 c - a +0 shield (worn)
 i - a +0 pair of boots (worn)
 r - a +0 hat
 J - a +0 chain mail (worn)
 N - a +1 hat of see invisible (worn)
Jewellery
 h - an amulet of rage (around neck)
 s - a ring of resist corrosion (left hand)
 C - a +5 ring of intelligence (right hand)
Wands
 D - a wand of random effects (14)
 E - a wand of flame (38)
 H - a wand of polymorph (12)
 K - a wand of iceblast (11)
 M - a wand of acid (9)
Scrolls
 e - 8 scrolls of teleportation
 l - a scroll of amnesia
 n - 3 scrolls of fog
 o - 4 scrolls of remove curse
 p - a scroll of noise
 x - 2 scrolls of immolation
 y - a scroll of blinking
 A - 3 scrolls of magic mapping
 G - 2 scrolls of enchant weapon {unknown}
 I - 3 scrolls of fear {unknown}
 O - 3 scrolls of identify
 P - a scroll of vulnerability {unknown}
Potions
 d - 2 potions of might
 j - 4 potions of heal wounds
 k - a potion of magic {unknown}
 q - 2 potions of brilliance {unknown}
 t - a potion of resistance {unknown}
 u - 5 potions of haste
 v - 6 potions of lignification {unknown}
 z - 5 potions of curing
 B - 4 potions of agility {unknown}
 F - 2 potions of degeneration {unknown}
 Q - a potion of mutation {unknown}
Comestibles
 f - 18 rations


   Skills:
 + Level 7.0 Fighting
 + Level 11.2 Axes
 + Level 1.1 Throwing
 + Level 6.4 Armour
 + Level 3.1 Dodging
 + Level 2.9 Stealth
 + Level 7.3 Shields
 + Level 1.1 Invocations


You had 10 spell levels left.
You didn't know any spells.
Your spell library contained the following spells:

 Spells                   Type           Power        Failure   Level  Hunger
 Cause Fear               Hex            #.........   100%        4    #####..
 Silence                  Hex/Air        #.........   100%        5    ######.
 Yara's Violent Unravell  Hex/Tmut       #.........   100%        5    ######.
 Deflect Missiles         Chrm/Air       #.........   100%        6    #######
 Discord                  Hex            #.........   100%        8    #######


Dungeon Overview and Level Annotations

Branches:
Dungeon (9/15)             Temple (1/1) D:6            Lair (1/6) D:9
    Orc: D:9-12

Altars:
Ashenzari
Cheibriados
Dithmenos
Elyvilon
Fedhas
Gozag
Hepliaklqana
Kikubaaqudgha
Makhleb
Nemelex Xobeh
Okawaru
Qazlal
Ru
Sif Muna
Trog
Uskayaw
Vehumet
Wu Jian
Xom
Yredelemnul
Zin
The Shining One

Shops:
D:6 *   D:9 *


Innate Abilities, Weirdness & Mutations

You have razor-sharp teeth.
Your natural rate of healing is unusually fast.
When hurt, damage is shared between your health and your magic reserves.
Your bite disrupts and absorbs the magic of your enemies.
Potions cannot restore your health.
You are immune to rotting.


Message History

You are poisoned.
The spiny frog poisons you!
You slash the spiny frog! Your bite misses the spiny frog.
The spiny frog is heavily wounded.
You feel sick. The spiny frog stings you!
* * * LOW HITPOINT WARNING * * *
You are more poisoned.
The spiny frog poisons you!
You are too injured to fight recklessly!
You are too injured to fight recklessly!
You are too injured to fight recklessly!
You are too injured to fight recklessly!
A spiny frog is nearby!
Your system rejects the healing.
You feel better. The spiny frog stings you!!
* * * LOW HITPOINT WARNING * * *
You don't have enough magic at the moment.
As you read the scroll of teleportation, it crumbles to dust.
You feel strangely unstable. The spiny frog closely misses you.
The spiny frog stings you!
You die...

### ... ##.## #...
##..# #...#####
###.....#.#
###P........#
.......@....##
.......F.....##
####..........##
#...........## ##
##...........##.#####
##.................#
....................
.....................
.....................


You could see a spiny frog.

Vanquished Creatures
  Gastronok (D:8)
  Harold (D:8)
  A two-headed ogre (D:9)
  Pikel (D:8)
  A spiny frog (Lair:1)
  A hornet (D:9)
  2 hippogriffs
  Sigmund (D:4)
  A wyvern (Lair:1)
  Eustachio (D:5)
  2 humans (D:8)
  7 yaks (D:9)
  Grum (D:8)
  Duvessa (D:5)
  3 water moccasins
  4 porcupines (D:9)
  A black bear (D:8)
  An orc warrior (D:9)
  An ice beast (D:6)
  A sky beast (D:8)
  2 phantoms
  5 ogres
  2 wolves (D:8)
  A centaur (D:7)
  4 crocodiles
  A big kobold (D:8)
  2 bullfrogs
  Dowan (D:5)
  A water moccasin zombie (Ossuary)
  3 scorpions
  A killer bee (D:9)
  11 wights
  2 howler monkeys (D:8)
  2 crimson imps
  A quasit (D:9)
  5 orc wizards
  A bullfrog skeleton (D:5)
  5 hounds
  4 jellies
  An orc priest (D:5)
  3 iguanas
  8 worker ants
  4 big kobold zombies (Ossuary)
  2 mummies (Ossuary)
  A gnoll (D:1)
  14 adders
  2 shadow imps
  6 oozes
  6 adder zombies (Ossuary)
  An adder skeleton (D:7)
  3 worms
  4 dart slugs
  8 leopard geckos
  28 orcs
  2 ball pythons
  3 bats
  14 giant cockroaches
  3 goblins
  11 hobgoblins
  3 jackals (D:8)
  4 quokkas
  4 frilled lizards
  3 gnoll zombies (Ossuary)
  3 hobgoblin zombies (Ossuary)
  A jackal skeleton (D:7)
  13 kobolds
  4 kobold zombies (Ossuary)
  A leopard gecko skeleton (D:5)
  A leopard gecko zombie (D:6)
  4 orc zombies (Ossuary)
  14 rats
  2 fungi (D:9)
  A plant (D:9)
269 creatures vanquished.

Vanquished Creatures (others)
  A centaur (D:8)
  A big kobold (D:8)
  An adder (D:8)
  An orc (D:8)
  A quokka (D:5)
  5 kobolds (D:8)
  32 fungi (D:9)
  10 plants (D:9)
52 creatures vanquished.

Grand Total: 321 creatures vanquished

Notes
Turn   | Place    | Note
-------+----------+-------------------------------------------
     0 | D:1      | Kairos the Vine Stalker Fighter began the quest for the
                  | Orb.
     0 | D:1      | Reached XP level 1. HP: 11/11 MP: 2/2
   102 | D:1      | Reached XP level 2. HP: 6/16 MP: 1/3
   334 | D:1      | Reached skill level 2 in Axes
   338 | D:1      | Reached XP level 3. HP: 16/20 MP: 2/4
  1085 | D:2      | Gained mutation: Your natural rate of healing is unusually
                  | fast. [Vine Stalker growth]
  1085 | D:2      | Reached XP level 4. HP: 16/24 MP: 5/5
  1425 | D:2      | Reached XP level 5. HP: 28/28 MP: 6/6
  1841 | D:3      | Reached skill level 3 in Axes
  1883 | D:3      | Found a hide-covered altar of Uskayaw.
  2255 | D:3      | Found a sacrificial altar of Ru.
  2256 | D:3      | Found a sparkling altar of Nemelex Xobeh.
  2490 | D:3      | Reached XP level 6. HP: 18/32 MP: 3/7
  2713 | D:4      | Noticed Sigmund
  2884 | D:4      | Reached XP level 7. HP: 36/36 MP: 8/8
  2888 | D:4      | Reached skill level 4 in Axes
  2891 | D:4      | Reached skill level 1 in Stealth
  3104 | D:4      | Killed Sigmund
  3206 | D:5      | Entered Level 5 of the Dungeon
  3245 | D:5      | Noticed Eustachio
  3279 | D:5      | Killed Eustachio
  3400 | D:5      | Reached skill level 5 in Axes
  3400 | D:5      | Gained mutation: You have razor-sharp teeth. [Vine Stalker
                  | growth]
  3400 | D:5      | Reached XP level 8. HP: 42/42 MP: 9/9
  3428 | D:5      | Reached skill level 1 in Dodging
  3465 | D:5      | Found a hazy altar of Hepliaklqana.
  3542 | D:5      | Found a white marble altar of Elyvilon.
  3821 | D:5      | Noticed Dowan
  3822 | D:5      | Noticed Duvessa
  3837 | D:5      | Killed Duvessa
  3845 | D:5      | Killed Dowan
  4306 | D:5      | Reached skill level 6 in Axes
  4306 | D:5      | Reached skill level 5 in Shields
  4495 | D:6      | Found Kuinu's General Store.
  4498 | D:6      | Bought a scroll of fog for 24 gold pieces
  4498 | D:6      | Bought a scroll of identify for 24 gold pieces
  4527 | D:6      | Found a shadowy altar of Dithmenos.
  4711 | D:6      | Found a staircase to the Ecumenical Temple.
  4733 | Temple   | Entered the Ecumenical Temple
  5022 | D:7      | Reached XP level 9. HP: 39/46 MP: 8/10
  5098 | D:7      | Found a sand-covered staircase.
  5106 | Ossuary  | Entered an ossuary
  5298 | D:7      | Reached skill level 7 in Axes
  5810 | D:7      | Reached skill level 5 in Armour
  6011 | D:7      | Reached skill level 5 in Fighting
  6300 | D:8      | Noticed Grum
  6306 | D:8      | Reached skill level 8 in Axes
  6315 | D:8      | Killed Grum
  6543 | D:8      | Found an iron altar of Okawaru.
  6568 | D:8      | Reached XP level 10. HP: 24/51 MP: 11/11
  6573 | D:8      | Became a worshipper of Warmaster Okawaru
  6643 | D:8      | Found a shattered altar of Ashenzari.
  6792 | D:8      | Noticed Pikel
  6800 | D:8      | Noticed Gastronok
  6802 | D:8      | Killed Pikel
  6819 | D:8      | Killed Gastronok
  6819 | D:8      | Reached * piety under Okawaru
  6819 | D:8      | Reached ** piety under Okawaru
  6819 | D:8      | Reached skill level 9 in Axes
  7143 | D:8      | Noticed Harold
  7156 | D:8      | Killed Harold
  7156 | D:8      | Reached *** piety under Okawaru
  7156 | D:8      | Reached skill level 10 in Axes
  7156 | D:8      | Reached XP level 11. HP: 39/57 MP: 12/12
  7481 | D:9      | Noticed a two-headed ogre
  7590 | D:9      | Found Ilenoqel's Elemental Accessories.
  7863 | D:9      | Reached **** piety under Okawaru
  7894 | D:9      | Killed a two-headed ogre
  7894 | D:9      | Reached skill level 1 in Throwing
  7928 | D:9      | Found a deep blue altar of Sif Muna.
  7970 | D:9      | Found a staircase to the Lair.
  7987 | D:9      | Reached skill level 11 in Axes
  7987 | D:9      | Reached skill level 1 in Invocations
  8203 | Lair:1   | Entered Level 1 of the Lair of Beasts
  8558 | Lair:1   | HP: 1/58 [spiny frog (17)]
  8559 | Lair:1   | Mangled by a spiny frog

Skill      XL: |  1  2  3  4  5  6  7  8  9 10 11 |
---------------+----------------------------------+-----
Fighting       | 3 4 5 6 7 |  7.0
Axes           | 2 3 5 6 8 10 11 | 11.2
Shields        | 3 4 5 6 7 |  7.3
Armour         | 3 4 5 6 |  6.4
Stealth        | 1 2 |  2.9
Dodging        | 1 2 3 |  3.1
Throwing       | 1 |  1.1
Invocations    | 1 |  1.1

Action                   |  1- 3 |  4- 6 |  7- 9 | 10-12 || total
-------------------------+-------+-------+-------+-------++-------
Melee: War axe           |    88 |   184 |   341 |   293 ||   906
       Bite              |    16 |    58 |   125 |   114 ||   313
Throw: Throwing net      |     1 |     1 |     3 |     1 ||     6
       Tomahawk          |       |       |       |     7 ||     7
Invok: Heroism           |       |       |       |     9 ||     9
Evoke: Wand              |       |       |     1 |       ||     1
  Use: Scroll            |     1 |       |     7 |     1 ||     9
       Potion            |       |     3 |     1 |     1 ||     5
 Stab: Held in net/web   |     1 |       |     2 |     1 ||     4
  Eat: Chunk             |       |     7 |     2 |     5 ||    14
       Ration            |       |       |     3 |       ||     3
Armor: Scale mail        |    35 |    99 |    76 |       ||   210
       Chain mail        |       |       |    37 |    92 ||   129
Dodge: Dodged            |    25 |    67 |    87 |    51 ||   230
Block: Shield            |    47 |   128 |   146 |   132 ||   453
